 Dungeon Crawl Stone Soup version 0.29-a0-418-gc0181ea820 (webtiles) character file.

Game seed: 306558717486499554

207680 Pelinal the Gelid (level 18, -1/126 HPs)
             Began as a Merfolk Ice Elementalist on May 17, 2022.
             Was an Elder of Ashenzari.
             Slain by a naga warrior
             ... wielding a +0 mace
              (16 damage)
             ... on level 4 of the Snake Pit on May 18, 2022.
             The game lasted 02:11:50 (49707 turns).

Pelinal the Gelid (Merfolk Ice Elementalist)       Turns: 49707, Time: 02:11:50

Health: -1/126     AC: 30    Str:  9    XL:     18   Next: 76%
Magic:  33/33      EV: 26    Int: 24    God:    Ashenzari [****..]
Gold:   720        SH: 14    Dex: 26    Spells: 5/40 levels left

rFire   . . .      SeeInvis +   u - +9 demon trident (elec)
rCold   + . .      Faith    .   K - +1 buckler of Ashenzari's Yoke {reflect, Bglg, Evo} (curse)
rNeg    + . .      Spirit   .   J - +4 steam dragon scales
rPois   +          Reflect  +   t - +2 helmet of the Lashed Syndicalism {Int+3, Self, Bglg} (curse)
rElec   .          Harm     .   o - +1 cloak "Restrained Together" {Alch, Cun} (curse)
rCorr   .          Rampage  .   x - +1 pair of gloves "Cursed Soothsayer" {rN+ Dex+2, Self, Elem} (curse)
Will    ++...      Clarity  +   d - +2 pair of boots
Stlth   ++++++....              C - amulet of the Eye in the Sky {Reflect SH+5, Cun, Self} (curse)
HPRegen 0.31/turn               q - ring of Supernal Gnosis {rC+ Will+ Int+5 Dex+4, Elem, Evo} (curse)
MPRegen 0.23/turn               b - ring of poison resistance

@: ice-armoured, constricted, studying Polearms
A: (nimble swimmer 2), mertail, frail 1
}: 1/15 runes: barnacled
a: Renounce Religion, Curse Item, Shatter the Chains


You were on level 4 of the Snake Pit.
You worshipped Ashenzari.
Ashenzari was greatly pleased with you.
You visited 6 branches of the dungeon, and saw 32 of its levels.
You also visited: Gauntlet and Ice Cave.

You collected 3375 gold pieces.
You spent 2655 gold pieces at shops.

Inventory:

Hand Weapons
 u - a +9 demon trident of electrocution (weapon)
Missiles
 i - 46 poisoned darts (quivered)
 L - 6 atropa-tipped darts
 Q - 10 curare-tipped darts
Armour
 d - a +2 pair of boots (worn)
 o - the cursed +1 cloak "Restrained Together" (worn) {Alch, Cun}
   (You found it on level 13 of the Dungeon)

   It has a curse which improves the following skills: Alchemy: Poison Magic and
   Transmutations.
   Cunning:   Dodging and Stealth.
 t - the cursed +2 helmet of the Lashed Syndicalism (worn) {Int+3, Self, Bglg}
   (You found it in a Gauntlet)

   It has a curse which improves the following skills: Introspection: Fighting
   and Spellcasting.
   Beguiling: Conjurations, Hexes and Translocations.
 x - the cursed +1 pair of gloves "Cursed Soothsayer" (worn) {rN+ Dex+2, Self, Elem}
   (You acquired it on level 2 of the Lair of Beasts)

   Dex:       It affects your dexterity (+2).
   rN:        It protects you from negative energy.
   It has a curse which improves the following skills: Introspection: Fighting
   and Spellcasting.
   Elements:  Fire Magic, Ice Magic, Air Magic and Earth Magic.
 B - a +2 tower shield of protection
 J - +4 steam dragon scales (worn)
 K - the cursed +1 buckler of Ashenzari's Yoke (worn) {reflect, Bglg, Evo}
   (You took it off a tengu conjurer on level 15 of the Dungeon)

   It has a curse which improves the following skills: Beguiling: Conjurations,
   Hexes and Translocations.
   Evocations: Evocations.
Jewellery
 b - a ring of poison resistance (right hand)
 j - a ring of positive energy
 q - the cursed ring of Supernal Gnosis (left hand) {rC+ Will+ Int+5 Dex+4, Elem, Evo}
   (You bought it in a shop on level 2 of the Orcish Mines)

   [ring of willpower]

   Int:       It affects your intelligence (+5).
   Dex:       It affects your dexterity (+4).
   rC:        It protects you from cold.
   Will:      It increases your willpower.
   It has a curse which improves the following skills: Elements: Fire Magic, Ice
   Magic, Air Magic and Earth Magic.
   Evocations: Evocations.
 C - the cursed amulet of the Eye in the Sky (around neck) {Reflect SH+5, Cun, Self}
   (You found it on level 5 of the Dungeon)

   [amulet of reflection]

   It reflects blocked missile attacks.
   SH:        It affects your SH (+5).
   It has a curse which improves the following skills: Cunning: Dodging and
   Stealth.
   Introspection: Fighting and Spellcasting.
 E - a ring of fire
 O - a ring of flight
 U - an amulet of regeneration
 W - a +4 ring of slaying
 Y - a ring of willpower
Wands
 n - a wand of iceblast (15)
 s - a wand of polymorph (29)
 y - a wand of acid (8)
 M - a wand of charming (10)
 N - a wand of paralysis (19)
 S - a wand of digging (6)
Scrolls
 f - 5 scrolls of poison
 h - 2 scrolls of enchant weapon
 k - 4 scrolls of blinking
 l - 4 scrolls of fear
 p - 4 scrolls of torment
 r - 11 scrolls of teleportation
 v - 2 scrolls of fog
 w - 4 scrolls of amnesia
 D - 5 scrolls of vulnerability
 I - 5 scrolls of magic mapping
 P - a scroll of summoning
 T - a scroll of silence
Potions
 a - 5 potions of might
 c - a potion of flight
 e - 5 potions of ambrosia
 g - 4 potions of haste
 m - 13 potions of curing
 z - 6 potions of brilliance
 F - a potion of resistance
 G - 3 potions of attraction
 H - 4 potions of mutation
 Z - 2 potions of cancellation
Miscellaneous
 A - a box of beasts
 R - a lightning rod (4/4)
 V - a condenser vane
 X - a phial of floods


   Skills:
 - Level 8.0(11.9) Fighting
 - Level 14.0 Polearms
 - Level 7.3 Throwing
 - Level 15.0(17.9) Dodging
 - Level 11.4(14.3) Stealth
 - Level 10.0 Shields
 - Level 8.0(11.9) Spellcasting
 - Level 7.1(10.1) Conjurations
 - Level 2.7(5.1) Hexes
 + Level 12.3(14.2) Transmutations
 - Level 18.4(21.1) Ice Magic
 - Level 10.6(13.5) Air Magic
 - Level 2.2(4.5) Earth Magic
 + Level 8.5(10.5) Poison Magic
 - Level 8.7(11.7) Evocations


You had 5 spell levels left.
You knew the following spells:

 Your Spells              Type           Power      Damage    Failure   Level
a - Freeze                Ice            100%       1d11      0%          1
b - Frozen Ramparts       Ice            100%       1d12      0%          3
c - Ozocubu's Armour      Ice            86%        N/A       0%          3
d - Stone Arrow           Conj/Erth      98%        3d13      1%          3
e - Freezing Cloud        Conj/Ice/Air   36%        6-21      1%          5
f - Ozocubu's Refrigerat  Ice            43%        4d13      1%          7
h - Eringya's Noxious Bo  Tmut/Pois      32%        N/A       4%          6
i - Irradiate             Conj/Tmut      32%        3d24      1%          5
C - Passwall              Tmut/Erth      46%        N/A       1%          2

Your spell library contained the following spells:

 Spells                   Type           Power      Damage    Failure   Level
 Foxfire                  Conj/Fire      100%       2x1d9     1%          1
 Sandblast                Erth           72%        2d16      1%          1
 Shock                    Conj/Air       100%       1d9       1%          1
 Slow                     Hex            100%       N/A       1%          1
 Corpse Rot               Necr/Air       92%        N/A       1%          2
 Ensorcelled Hibernation  Hex/Ice        100%       N/A       1%          2
 Poisonous Vapours        Pois/Air       100%       N/A       1%          2
 Confusing Touch          Hex            39%        N/A       1%          3
 Dazzling Flash           Conj/Hex       100%       N/A       1%          3
 Mephitic Cloud           Conj/Pois/Air  62%        N/A       1%          3
 Spider Form              Tmut/Pois      65%        N/A       1%          3
 Swiftness                Air            68%        N/A       1%          3
 Tukima's Dance           Hex            39%        N/A       1%          3
 Airstrike                Air            34%        N/A       1%          4
 Hailstorm                Conj/Ice       74%        3d15      1%          4
 Alistair's Intoxication  Tmut/Pois      43%        N/A       1%          5
 Metabolic Englaciation   Hex/Ice        33%        N/A       1%          5
 Silence                  Hex/Air        28%        N/A       3%          5
 Inner Flame              Hex/Fire       27%        N/A       4%          3
 Animate Skeleton         Necr           28%        N/A       5%          1
 Pain                     Necr           56%        1d6       5%          1
 Summon Guardian Golem    Hex/Summ       26%        N/A       5%          3
 Cause Fear               Hex            19%        N/A       6%          4
 Sticky Flame             Conj/Fire      39%        2d6       6%          4
 Scorch                   Fire           32%        2d7       7%          2
 Leda's Liquefaction      Hex/Erth       18%        N/A       7%          4
 Vampiric Draining        Necr           14%        2d7       16%         3
 Fireball                 Conj/Fire      19%        3d9       16%         5
 Anguish                  Hex/Necr       13%        N/A       17%         4
 Animate Armour           Summ/Erth      50%        N/A       21%         4
 Lee's Rapid Deconstruct  Erth           18%        3d12*     22%         5
 Summon Mana Viper        Hex/Summ       26%        N/A       43%         5
 Manifold Assault         Tloc           16%        N/A       77%         5
 Agony                    Necr           14%        N/A       82%         5
 Simulacrum               Ice/Necr       30%        N/A       11%         6
 Statue Form              Tmut/Erth      37%        N/A       17%         6
 Orb of Destruction       Conj           29%        9d9       54%         7
 Polar Vortex             Ice            43%        N/A       65%         9
 Enfeeble                 Hex            19%        N/A       99%         7
 Spellforged Servitor     Conj/Summ      19%        N/A       99%         7
 Dispersal                Tloc           8%         N/A       100%        6
 Discord                  Hex            19%        N/A       100%        8
 Disjunction              Tloc           8%         N/A       100%        8
 Lehudib's Crystal Spear  Conj/Erth      24%        10d7      100%        8
 Dragon's Call            Summ           7%         N/A       100%        9


Dungeon Overview and Level Annotations

Branches:
Dungeon (15/15)            Temple (1/1) D:5            Lair (6/6) D:9
 Shoals (4/4) Lair:3        Snake (4/4) Lair:2        Slime (0/5) Lair:5
    Orc (2/2) D:12            Elf (0/3) Orc:2        Vaults (0/5) D:14
 Depths (0/4) D:15          IceCv (visited)         Gauntlet (visited)

Altars:
Ashenzari
Cheibriados
Hepliaklqana
Kikubaaqudgha
Makhleb
Nemelex Xobeh
Okawaru
Qazlal
Sif Muna
Trog
Uskayaw
Vehumet
Wu Jian
Xom
Yredelemnul
Zin
The Shining One
Beogh

Shops:
D:9 *   Orc:2 (!=:   Snake:2 [   Snake:3 [

Annotations:
D:3 1 runed translucent door, bande's ghost, amateur GnWn
D:12 Frances
Lair:3 exclusion: hydra


Innate Abilities, Weirdness & Mutations

((You are very nimble when in or above water. (Stealth+, EV+, Speed+++)))
Your lower body shifts to a powerful aquatic tail in water.
You are frail. (-10% HP)


Message History

The naga warrior is poisoned.
The naga warrior constricts you.
The naga warrior roars a battlecry!
The nagas go into a battle-frenzy!
The nagaraja hits you but does no damage.
Unknown command.
Unknown command.
Blink to where?
Press: ? - help, Dir - move target, p - naga warrior
Okay, then.
Blink to where?
Press: ? - help, Dir - move target, p - naga warrior Your icy armour will break if you move.
Continue?
The naga warrior's grasp on you weakens, but your attempt to escape fails.
As you read the scroll of blinking, it crumbles to dust.
The salamander mystic looks more healthy.
You block the naga's attack.
The salamander mystic hits you with a +0 quarterstaff.
* * * LOW HITPOINT WARNING * * *
You are engulfed in flames!
* * * LOW HITPOINT WARNING * * *
You block the naga warrior's attack.
The nagaraja hits you but does no damage.
The naga warrior hits you but does no damage.
The naga warrior constricts you. The naga closely misses you.
The salamander mystic points at you and mumbles some strange words.
The lance of force misses you. The heat melts your icy armour.
Unknown command.
Unknown command.
Unknown command.
Okay, then.
As you read the scroll of fear, it crumbles to dust.
You assume a fearsome visage.
The salamander mystic resists with some effort.
The naga looks frightened!
The naga warrior resists with almost no effort.
The nagaraja resists with almost no effort.
The naga warrior looks frightened!
You block the nagaraja's attack.
The naga warrior hits you with a +0 mace!
You die...

....##..))#......#)...##,,,,
*
.....##...##....##.N.##.....
, ,
......##..)##..##.N.##......,
,
.......##...####.).##.......
,,
###†#...##..{##...##........
*
....#....##...).{##.........
,,
....#..)))##.NN†##..........
....#.....)##''##...........
,
...##...)...)..N@NN.:.......
,,,
####....)...)##.N...........
,,
............................
,
.).)..................###+#.
, ......................#, ,
,* ,
......................#,, , *
.........^............# , ,
.....##........###....+,,,
+,,, , ...#####..######, #. *
**


You could see a nagaraja (fast, strong), 2 naga warriors, a salamander mystic
(fast, strong) and 2 nagas.

Vanquished Creatures
  Asterion (Snake:2)
  2 krakens
  Agnes (Snake:2)
  Gastronok (Lair:1)
  Kirke (Lair:6)
  A nagaraja (Snake:3)
  Aizul (Shoals:4)
  Azrael (D:14)
  A minotaur (Gauntlet)
  A dire elephant (D:15)
  9 merfolk javelineers
  Snorg (D:14)
  10 merfolk impalers
  A fire dragon (D:15)
  2 vault guards (D:14)
  3 boulder beetles
  2 salamander tyrants
  8 hydras
  A rakshasa (D:15)
  2 ogre magi (Orc:2)
  4 merfolk avatars
  A death knight (D:15)
  3 catoblepae
  2 alligator snapping turtles (Shoals:4)
  6 anacondas
  Erica (D:9)
  3 two-headed ogres
  2 satyrs (Shoals:4)
  5 centaur warriors
  6 merfolk aquamancers
  7 naga warriors
  9 shock serpents
  6 death yaks
  10 naga sharpshooters
  An orc high priest (Orc:2)
  Nergalle (Orc:2)
  A skeletal warrior (D:15)
  2 salamander mystics (Snake:4)
  Lodul (D:14)
  Amaemon (Lair:1)
  2 glowing orange brains (Gauntlet)
  13 sea snakes
  4 naga ritualists
  A wizard (D:11)
  A large abomination (Gauntlet)
  A phantasmal warrior (D:15)
  A deep elf pyromancer (D:12)
  30 harpies
  7 mana vipers
  2 orc knights (D:15)
  3 fauns (Shoals:4)
  18 salamanders
  9 orc sorcerers
  4 ugly things
  13 cyclopes
  18 manticores
  5 guardian serpents
  2 elephants (Lair:6)
  7 merfolk sirens
  3 ice statues (IceCv)
  27 black mambas
  9 naga magi
  An orange demon (Lair:1)
  10 cane toads
  2 torpor snails
  9 water nymphs
  3 freezing wraiths
  15 komodo dragons
  3 rime drakes
  2 entropy weaver simulacra (IceCv)
  A tengu conjurer (D:15)
  6 kobold demonologists
  3 yaktaurs (D:15)
  6 trolls
  3 polar bears
  24 merfolk
  2 hornets
  14 slime creatures
  Grinder (D:6)
  2 wind drakes (Shoals:4)
  14 blink frogs
  16 snapping turtles
  18 dream sheep
  A centaur simulacrum (D:14)
  3 shadows
  9 flying skulls (Gauntlet)
  10 water elementals
  2 wraiths
  5 wyverns
  A dire elephant simulacrum (IceCv)
  2 fire elementals (D:14)
  42 yaks
  9 humans (D:14)
  3 basilisks
  2 death yak simulacra (IceCv)
  A hog (Lair:6)
  4 vampire mosquitoes (D:13)
  5 steam dragons
  4 wargs
  30 nagas
  37 water moccasins
  2 acid dragons (D:11)
  2 hell hounds (D:14)
  Pargi (D:3)
  An ice beast (D:7)
  8 orc warriors
  2 black bears
  2 sky beasts (D:7)
  17 ogres
  3 centaurs (D:9)
  16 wolves
  2 phantoms
  5 kobold brigands
  A gnoll sergeant (D:9)
  A necrophage (D:6)
  9 bullfrogs
  A scorpion (D:4)
  A cane toad simulacrum (IceCv)
  A wight (D:8)
  8 killer bees
  3 electric eels
  5 howler monkeys
  A jelly (D:6)
  A crimson imp (D:11)
  A hound (D:7)
  5 orc priests
  A gnoll shaman (D:7)
  4 iguanas
  34 orc wizards
  2 wolf simulacra (IceCv)
  13 gnolls
  23 adders
  12 white imps (Orc:2)
  2 ufetubi
  3 worms
  2 dart slugs
  39 orcs
  7 ball pythons
  3 bats
  7 endoplasms
  5 giant cockroaches
  13 goblins
  12 hobgoblins
  2 jackals (D:3)
  3 quokkas (D:4)
  4 frilled lizards
  21 kobolds
  8 rats
  3 tentacles
949 creatures vanquished.

Vanquished Creatures (others)
  A deep elf pyromancer (D:14)
  A shadow (D:12)
  4 humans
  28 fungi
  112 plants
  10 tentacles
  11 withered plants (D:1)
167 creatures vanquished.

Grand Total: 1116 creatures vanquished

Notes
Turn   | Place    | Note
-------+----------+-------------------------------------------
     0 | D:1      | Pelinal the Merfolk Ice Elementalist began the quest for
                  | the Orb.
     0 | D:1      | Reached XP level 1. HP: 13/13 MP: 3/3
   222 | D:1      | Reached XP level 2. HP: 19/19 MP: 0/5
   372 | D:1      | Reached skill level 5 in Ice Magic
  1135 | D:1      | Found a faded altar of an unknown god.
  1174 | D:1      | Reached XP level 3. HP: 24/24 MP: 4/6
  1317 | D:1      | Got the Reference Book on Mutagenic Summoning
  1802 | D:2      | Learned a level 3 spell: Frozen Ramparts
  1911 | D:2      | Reached skill level 6 in Ice Magic
  1911 | D:2      | Reached XP level 4. HP: 18/30 MP: 2/7
  2927 | D:2      | You fall into a shaft and drop 1 floor!
  3076 | D:3      | Found a runed translucent door.
  3079 | D:3      | Noticed Pargi
  3086 | D:3      | Noticed bande's ghost (amateur GnWn)
  3091 | D:3      | Reached XP level 5. HP: 34/35 MP: 4/8
  3102 | D:3      | Killed Pargi
  3103 | D:3      | Reached skill level 7 in Ice Magic
  3823 | D:3      | Reached XP level 6. HP: 41/41 MP: 7/9
  4604 | D:4      | Reached skill level 5 in Stealth
  4698 | D:4      | Reached skill level 1 in Throwing
  5110 | D:4      | Reached XP level 7. HP: 23/46 MP: 5/10
  5307 | D:4      | Learned a level 3 spell: Ozocubu's Armour
  5475 | D:4      | Found a burning altar of Makhleb.
  5903 | D:5      | Entered Level 5 of the Dungeon
  6404 | D:5      | Found a staircase to the Ecumenical Temple.
  6415 | Temple   | Entered the Ecumenical Temple
  6563 | Temple   | Became a worshipper of Ashenzari the Shackled
  6825 | D:5      | Found a glowing silver altar of Zin.
  7657 | D:6      | Identified the +2 chain mail of the Clam {rPois rN+ rCorr}
  7661 | D:6      | Noticed a steam dragon
  7666 | D:6      | Killed a steam dragon
  7667 | D:6      | Reached XP level 8. HP: 52/52 MP: 9/11
  7932 | D:6      | Reached skill level 5 in Throwing
  8049 | D:6      | Found a hazy altar of Hepliaklqana.
  8050 | D:6      | Noticed Grinder
  8168 | D:6      | Found a shimmering altar of Xom.
  8283 | D:6      | Paralysed by Grinder for 2 turns
  8291 | D:6      | Killed Grinder
  8438 | D:6      | Reached XP level 9. HP: 44/57 MP: 5/12
  8452 | D:6      | Found a radiant altar of Vehumet.
  8549 | D:6      | Found an ornate altar of the Wu Jian Council.
  8885 | D:7      | Reached * piety under Ashenzari
  8927 | D:7      | Reached skill level 1 in Polearms
  8931 | D:7      | Reached skill level 1 in Evocations
  9164 | D:7      | Found an ancient bone altar of Kikubaaqudgha.
  9916 | D:8      | Found a sparkling altar of Nemelex Xobeh.
  9947 | D:8      | Reached skill level 5 in Dodging
 10182 | D:8      | Noticed a hornet
 10196 | D:8      | Killed a hornet
 10197 | D:8      | Reached skill level 5 in Polearms
 10257 | D:8      | Found a bloodstained altar of Trog.
 10365 | D:8      | Reached XP level 10. HP: 57/63 MP: 6/13
 10670 | D:9      | Noticed Erica
 10686 | D:9      | Killed Erica
 10742 | D:9      | Noticed a centaur warrior
 10909 | D:9      | Killed a centaur warrior
 11494 | D:9      | Found Laosi Yschyi's Assorted Antiques.
 11497 | D:9      | Found a staircase to the Lair.
 11502 | D:9      | Bought a pair of jewelled gloves for 323 gold pieces
 11502 | D:9      | Identified the +0 pair of gloves of the Four Wars {*Corrode
                  | rF+ Int-5 Dex+8} (You bought it in a shop on level 9 of the
                  | Dungeon)
 11507 | D:9      | Noticed a two-headed ogre
 11513 | Lair:1   | Entered Level 1 of the Lair of Beasts
 11775 | D:9      | Killed a two-headed ogre
 11776 | D:9      | Reached skill level 10 in Polearms
 11776 | D:9      | Reached skill level 10 in Dodging
 11920 | D:9      | Noticed a two-headed ogre
 11941 | D:9      | Killed a two-headed ogre
 11942 | D:9      | Reached XP level 11. HP: 68/68 MP: 14/14
 12095 | Lair:1   | Noticed Gastronok
 12245 | Lair:1   | Killed Gastronok
 12359 | Lair:1   | Noticed Amaemon
 12378 | Lair:1   | Killed Amaemon
 13836 | D:9      | Noticed a cyclops
 13874 | D:9      | Killed a cyclops
 14091 | D:10     | Entered Level 10 of the Dungeon
 14188 | D:10     | Reached XP level 12. HP: 74/74 MP: 9/15
 15009 | Lair:2   | Found a staircase to the Snake Pit.
 15274 | Lair:2   | Identified a scroll of acquirement
 15299 | Lair:2   | Reached skill level 1 in Fighting
 15356 | D:9      | Bought an ivory ring for 170 gold pieces
 15356 | D:9      | Bought a glowing cabochon amulet for 170 gold pieces
 15366 | Lair:1   | Reached ** piety under Ashenzari
 15880 | Lair:2   | Identified the cursed +0 pair of boots of the Perceptive
                  | Boredom {Evo, Range} (You found it on level 7 of the
                  | Dungeon)
 16472 | Lair:2   | Reached skill level 15 in Dodging
 17118 | Lair:3   | Noticed a four-headed hydra
 17283 | Lair:3   | Reached *** piety under Ashenzari
 17313 | Lair:3   | Learned a level 2 spell: Passwall
 17723 | Lair:3   | Found a staircase to the Shoals.
 17912 | Shoals:1 | Entered Level 1 of the Shoals
 18179 | Lair:4   | Noticed a catoblepas
 18299 | Lair:4   | Reached skill level 5 in Fighting
 18399 | Lair:4   | Reached skill level 8 in Ice Magic
 18529 | Lair:4   | Identified the +0 pair of boots of Impermeability {Fly}
 18559 | Lair:4   | Reached XP level 13. HP: 89/98 MP: 21/23
 18841 | Lair:4   | Reached skill level 5 in Spellcasting
 19581 | Lair:4   | Reached skill level 9 in Ice Magic
 19882 | Lair:5   | Found a gate leading to a gauntlet.
 20004 | Gauntlet | Entered a Gauntlet
 20004 | Gauntlet | Found a runed translucent gate.
 20004 | Gauntlet | Found a transporter.
 20004 | Gauntlet | Found a runed translucent gate.
 20004 | Gauntlet | Found a runed translucent gate.
 20004 | Gauntlet | Found a transporter.
 20027 | Gauntlet | Found a transporter.
 20030 | Gauntlet | Found a transporter.
 20045 | Gauntlet | Found a transporter.
 20062 | Gauntlet | Found a transporter.
 20066 | Gauntlet | Found a transporter.
 20066 | Gauntlet | Found a transporter.
 20071 | Gauntlet | Found a runed translucent door.
 20072 | Gauntlet | Found a runed translucent door.
 20092 | Gauntlet | Found a transporter.
 20109 | Gauntlet | Found a transporter.
 20119 | Gauntlet | Found a transporter.
 20227 | Gauntlet | Found a transporter.
 20241 | Gauntlet | Identified the +0 helmet of the Morning Star {Str+2 Stlth+}
 20248 | Gauntlet | Found a transporter.
 20259 | Gauntlet | Found a transporter.
 20775 | Gauntlet | Reached skill level 10 in Ice Magic
 20872 | Gauntlet | Identified the Volume of the Mackerel
 20872 | Gauntlet | Noticed a minotaur
 20902 | Gauntlet | Killed a minotaur
 21056 | Lair:1   | Acquired the +1 pair of gloves of Honour {rN+ Dex+2}
 21304 | Lair:5   | Found a staircase to the Slime Pits.
 21365 | Lair:5   | Found the +8 arc blade {discharge, rElec}
 21668 | Lair:6   | Entered Level 6 of the Lair of Beasts
 21671 | Lair:6   | Noticed Sonja
 21797 | Lair:6   | Noticed Kirke
 21806 | Lair:6   | Noticed Sonja
 21806 | Lair:6   | Sonja changed into Sonja the black bear
 21814 | Lair:6   | Killed Sonja the black bear
 21816 | Lair:6   | Killed Kirke
 21817 | Lair:6   | Reached skill level 5 in Evocations
 22026 | Lair:6   | Reached XP level 14. HP: 108/108 MP: 22/28
 23187 | Lair:6   | Identified the +9 hunting sling of Pikisoc {vorpal, rPois
                  | rF+ rC+ MP-9 Int+3}
 23891 | Lair:6   | Reached skill level 10 in Stealth
 24621 | D:11     | Reached skill level 1 in Hexes
 24649 | D:11     | Reached skill level 1 in Conjurations
 24649 | D:11     | Reached skill level 1 in Earth Magic
 25036 | D:11     | Learned a level 3 spell: Stone Arrow
 25673 | D:12     | Learned a level 5 spell: Freezing Cloud
 25789 | D:12     | Reached skill level 1 in Air Magic
 26025 | D:12     | Noticed Frances
 26425 | D:12     | Found a staircase to the Orcish Mines.
 26564 | D:12     | Reached XP level 15. HP: 119/119 MP: 24/30
 26734 | Orc:1    | Entered Level 1 of the Orcish Mines
 27469 | Orc:2    | Entered Level 2 of the Orcish Mines
 27500 | Orc:2    | Found a frozen archway.
 27569 | IceCv    | Entered an ice cave
 29115 | Orc:2    | Reached skill level 5 in Air Magic
 29134 | Orc:2    | Gained mutation: You are frail. (-10% HP) [a neqoxec]
 29544 | Orc:2    | Reached **** piety under Ashenzari
 29594 | Orc:2    | Found a staircase to the Elven Halls.
 29889 | Orc:2    | Found Fasmuttitum's Antique Weapon Shop.
 30059 | Orc:2    | Found Wumoal's Distillery.
 30126 | Orc:2    | Found a radiant altar of Vehumet.
 30227 | Orc:2    | Noticed Nergalle
 30378 | Orc:2    | Reached skill level 5 in Conjurations
 30421 | Orc:2    | Killed Nergalle
 30435 | Orc:2    | Found an ancient bone altar of Kikubaaqudgha.
 30661 | Orc:2    | Found Geqabawneo's Jewellery Boutique.
 30680 | Orc:2    | Found Fiehoxt's Book Shop.
 30682 | Orc:2    | Bought the ring "Janeloep" {rC+ Will+ Int+5 Dex+4} for 926
                  | gold pieces
 33577 | D:14     | Noticed Lodul
 33591 | D:14     | Killed Lodul
 33835 | D:14     | Found a gate to the Vaults.
 33911 | D:14     | Noticed Snorg
 33977 | D:14     | Killed Snorg
 34207 | D:14     | Found a broken altar of Ashenzari.
 34293 | D:14     | Noticed Azrael
 34302 | D:14     | Killed Azrael
 34303 | D:14     | Reached skill level 11 in Ice Magic
 34665 | D:14     | Identified the +0 leather armour of Gallantry {rF+}
 34822 | D:15     | Entered Level 15 of the Dungeon
 34826 | D:15     | Reached skill level 1 in Shields
 34916 | D:15     | Found a radiant altar of Vehumet.
 35134 | D:15     | Reached XP level 16. HP: 116/116 MP: 8/32
 35171 | D:15     | Found a flickering gateway to a bazaar.
 35473 | D:15     | Found a staircase to the Depths.
 35499 | D:15     | Reached skill level 5 in Shields
 36871 | Shoals:1 | Reached skill level 12 in Ice Magic
 37025 | Shoals:1 | Reached skill level 10 in Air Magic
 37057 | Shoals:1 | Identified the +4 ring mail of the Heavens {Harm Slay+2}
 38153 | Shoals:2 | Reached skill level 13 in Ice Magic
 38294 | Shoals:2 | Reached ***** piety under Ashenzari
 39073 | Shoals:2 | Reached skill level 14 in Ice Magic
 39979 | Shoals:3 | Reached skill level 15 in Ice Magic
 40296 | Orc:2    | Bought Ozocubu's Autobiography for 336 gold pieces
 40296 | Orc:2    | Bought Fiabaq's Volume of Transmigration for 532 gold
                  | pieces
 40310 | Orc:2    | Learned a level 7 spell: Ozocubu's Refrigeration
 40316 | Orc:2    | Learned a level 5 spell: Irradiate
 41000 | Shoals:3 | Reached skill level 1 in Transmutations
 41011 | Shoals:3 | Reached XP level 17. HP: 113/121 MP: 9/33
 41541 | Shoals:3 | Noticed a kraken
 41555 | Shoals:3 | Killed a kraken
 41556 | Shoals:3 | Reached skill level 16 in Ice Magic
 41771 | Shoals:4 | Entered Level 4 of the Shoals
 41924 | Shoals:4 | Noticed a kraken
 42115 | Shoals:4 | Killed a kraken
 42313 | Shoals:4 | Reached skill level 17 in Ice Magic
 42379 | Shoals:4 | Identified the Reference Book on Venom and the Blaze
 42578 | Shoals:4 | Reached skill level 5 in Transmutations
 42968 | Shoals:4 | Reached skill level 18 in Ice Magic
 43066 | Shoals:4 | Got a barnacled rune of Zot
 43605 | Shoals:4 | Identified the +0 scale mail of Happy Babbling {Str-4
                  | Int+4}
 43739 | Shoals:4 | Noticed Aizul
 43754 | Shoals:4 | Killed Aizul
 43926 | Lair:1   | Learned a level 6 spell: Eringya's Noxious Bog
 43966 | Snake:1  | Entered Level 1 of the Snake Pit
 44185 | Snake:1  | Reached skill level 1 in Poison Magic
 45052 | Snake:1  | Reached XP level 18. HP: 126/126 MP: 33/33
 45689 | Snake:2  | Noticed Agnes
 45705 | Snake:2  | Reached skill level 10 in Shields
 46087 | Snake:2  | Killed Agnes
 46363 | Snake:2  | Found Kowkaofa's Armour Shop.
 46364 | Snake:2  | Noticed Asterion
 46374 | Snake:2  | Killed Asterion
 46456 | Snake:2  | Bought a +2 pair of boots for 198 gold pieces
 46956 | Snake:2  | Reached skill level 5 in Poison Magic
 47451 | Snake:3  | Reached skill level 10 in Transmutations
 48551 | Snake:3  | Found Kuotiugu's Armour Shoppe.
 48928 | Snake:4  | Entered Level 4 of the Snake Pit
 49707 | Snake:4  | Slain by a naga warrior

Illustrated notes

Levels and vault maps discovered:
D:1:      sevenhm_arrival_forest_fort_large_4, layout_basic,
          shapermc_ecumenical_altar_flowoftime
D:2:      layout_basic
D:3:      layout_basic, ebering_ghost_sewer_d, uniq_pargi
D:4:      layout_loops_corners, lightli_temple_of_fire, minmay_misc_feat_rows
D:5:      layout_gridville, mainiacjoe_overflow_small_starburst,
          temple_fountains, sigmund_army
D:6:      layout_basic, amcnicky_altar_gilded, tgw_xom,
          mainiacjoe_overflow_cross_hatched, lemuel_doored_altar, uniq_grinder
D:7:      layout_basic, tgw_kikubaaqudgha
D:8:      layout_cave_pools, nemelex_spade_bored_becter,
          mainiacjoe_overflow_alcove_2, minmay_manual_macuahuitl
D:9:      layout_long_grid, lair_entry_dummy, serial_shops, shop,
          minmay_checkerbox, uniq_erica
D:10:     layout_loops_cross
D:11:     layout_cave_pools, serial_glass, glass_columns_c, glass_columns_b,
          hex_large, lightli_wizard_tower
D:12:     layout_roguey, orc_0_dummy, uniq_frances
D:13:     layout_roguey
D:14:     layout_irregular_city, ximxim_vaults_locker_room,
          lemuel_coloured_pillars_altar, serial_column_ruins, column_ruins_hut,
          column_ruins_open_tiny, column_ruins_grid_1,
          column_ruins_open_small_water, column_ruins_columns_dead_end,
          column_ruins_columns_corner, column_ruins_open_small, uniq_snorg,
          uniq_azrael, uniq_lodul
D:15:     hangedman_depths_entry_try_elsewhere_first, layout_small_grid,
          serial_shops, bzr_in_the_mist, vehumet_crystals
Temple:   nicolae_temple_figure_eight
Lair:1:   layout_roguey, uniq_gastronok, uniq_amaemon
Lair:2:   lemuel_reptile_caves, layout_regular_city,
          minmay_snake_entry_six_corridors, hangedman_lair_unloving_vines
Lair:3:   layout_gridlike, elwin_shoals_entry_rooms, minivault_23
Lair:4:   layout_regular_city
Lair:5:   layout_big_grid, dpeg_slime_entry_corner, gauntlet_entry_generic,
          wad_woods_river_03
Lair:6:   hangedman_lair_in_review, layout_gridlike, grunt_megastairs_1,
          uniq_sonja, uniq_kirke
Shoals:1: layout_shoals
Shoals:2: layout_shoals, nicolae_shoals_mertower
Shoals:3: layout_shoals, nicolae_shoals_stone_sculpture_thing
Shoals:4: shoals_end_simple, layout_shoals, nicolae_shoals_water_shrine,
          uniq_aizul
Snake:1:  layout_gridlike, special_room, nicolae_snake_snakes_in_the_grass,
          serial_bayou_shore_a
Snake:2:  layout_honeycomb, serial_shops, nicolae_stop_n_shop_1, uniq_asterion,
          uniq_agnes
Snake:3:  layout_misc_corridors, minmay_shop_star, serial_bayou_shore_b,
          grunt_megastairs_5
Snake:4:  johnstein_snake_rune_scales, layout_cave_town,
          nicolae_snake_dead_anacondas
Orc:1:    layout_diamond_mine
Orc:2:    kennysheep_orc_mage_school, layout_caves, portal_ice_cave_entry_imps,
          mines5_lemuel

Skill      XL: |  1  2  3  4  5  6  7  8  9 10 11 12 13 14 15 16 17 18 |
---------------+-------------------------------------------------------+-----
Ice Magic      | 5 6 7 8 10 11 15 18 | 18.4
Stealth        | 4 6 7 9 11 | 11.4
Throwing       | 2 4 6 7 |  7.3
Polearms       | 5 10 13 14 | 14.0
Dodging        | 6 10 13 15 | 15.0
Evocations     | 3 5 8 |  8.7
Fighting       | 5 7 8 |  8.0
Spellcasting   | 4 8 |  8.0
Hexes          | 2 |  2.7
Conjurations   | 2 6 7 |  7.1
Earth Magic    | 2 |  2.2
Air Magic      | 2 8 10 | 10.6
Shields        | 4 7 9 10 | 10.0
Transmutations | 1 7 12 | 12.3
Poison Magic   | 2 8 |  8.5

Action                   |  1- 3 |  4- 6 |  7- 9 | 10-12 | 13-15 | 16-18 || total
-------------------------+-------+-------+-------+-------+-------+-------++-------
Melee: Dagger            |    34 |    50 |   150 |       |       |       ||   234
       Punch             |       |       |     4 |     9 |    27 |       ||    40
       Hunting sling     |       |       |     1 |       |       |       ||     1
       Tailslap          |       |       |     7 |     4 |     3 |    48 ||    62
       Trident           |       |       |     3 |   608 |  1583 |   972 ||  3166
       Demon trident     |       |       |       |       |       |   411 ||   411
 Fire: Hunting sling     |       |    57 |    11 |       |       |       ||    68
Throw: Dart              |       |     1 |    42 |    81 |   113 |     7 ||   244
       Throwing net      |       |       |       |       |     1 |       ||     1
 Cast: Freeze            |    41 |    41 |    59 |    51 |    72 |    15 ||   279
       Frozen Ramparts   |     1 |     8 |    22 |    48 |    82 |    35 ||   196
       Ozocubu's Armour  |       |       |    10 |    36 |    92 |    66 ||   204
       Stone Arrow       |       |       |       |       |     9 |    18 ||    27
       Freezing Cloud    |       |       |       |       |    60 |   109 ||   169
       Irradiate         |       |       |       |       |       |     3 ||     3
       Eringya's Noxious |       |       |       |       |       |     1 ||     1
Invok: Curse Item        |       |       |     2 |     3 |     3 |     2 ||    10
       Shatter the Chain |       |       |       |       |     1 |     3 ||     4
Evoke: Wand              |       |       |     2 |     3 |    19 |       ||    24
       Phial of floods   |       |       |       |       |     1 |     1 ||     2
       Lightning rod     |       |       |       |       |       |     1 ||     1
  Use: Potion            |     1 |     1 |       |     4 |     8 |    10 ||    24
       Scroll            |       |     1 |    10 |       |     5 |    13 ||    29
 Stab: Sleeping          |     2 |     4 |     6 |    13 |    17 |    39 ||    81
       Distracted        |       |     1 |       |     1 |       |     7 ||     9
       Paralysed         |       |       |     1 |     3 |       |       ||     4
       Held in net/web   |       |       |       |       |     8 |       ||     8
       Petrified         |       |       |       |       |     3 |       ||     3
       Invisible         |       |       |       |       |     3 |       ||     3
Armor: Robe              |     7 |    22 |     6 |       |    24 |       ||    59
       Steam dragon scal |       |       |    63 |   111 |   200 |   203 ||   577
Dodge: Dodged            |    48 |    45 |   154 |   421 |   971 |   825 ||  2464
Block: Other             |       |       |    36 |   109 |   203 |       ||   348
       Reflection        |       |       |       |     7 |    17 |    53 ||    77
       Tower shield      |       |       |       |       |    32 |       ||    32
       Buckler           |       |       |       |       |    10 |   673 ||   683

Table legend: (Time is in decaauts)
 A = Elapsed time spent in this place.
 B = Non-inter-level travel time spent in this place.
 C = Inter-level travel time spent in this place.
 D = Time resting spent in this place.
 E = Time spent auto-exploring this place.
 F = Levels seen in this place.
 G = Mean time per level.
                   A        B        C        D        E       F      G
               +--------+--------+--------+--------+--------+-----+--------+
         Total |  47632 |  43668 |   3964 |  11304 |  21830 |  34 | 1400.9 |
       Dungeon |  20533 |  18848 |   1685 |   4491 |  10279 |  15 | 1368.9 |
        Temple |    174 |    135 |     39 |      0 |    134 |   1 |  174.0 |
          Lair |  10760 |   9385 |   1375 |   1931 |   5266 |   6 | 1793.3 |
        Shoals |   5453 |   5158 |    295 |   1272 |   2264 |   4 | 1363.2 |
     Snake Pit |   5617 |   5525 |     92 |   1781 |   2749 |   4 | 1404.2 |
  Orcish Mines |   3094 |   2618 |    476 |    852 |   1136 |   2 | 1547.0 |
      Ice Cave |   1128 |   1128 |      0 |    766 |      0 |   1 | 1128.0 |
      Gauntlet |    869 |    869 |      0 |    210 |      0 |   1 |  869.0 |
               +--------+--------+--------+--------+--------+-----+--------+

Top non-repeatable levels by time:
  Lair:2: 2454 daAuts
  Lair:6: 2135 daAuts
   Orc:2: 2099 daAuts
 Snake:1: 2006 daAuts
  Lair:1: 1886 daAuts
    D:14: 1867 daAuts
     D:9: 1845 daAuts
  Lair:4: 1831 daAuts
Shoals:4: 1724 daAuts
     D:2: 1687 daAuts
     D:5: 1571 daAuts
 Snake:3: 1522 daAuts
     D:1: 1489 daAuts
  Lair:3: 1479 daAuts
    D:12: 1430 daAuts
